 Dungeon Crawl Stone Soup version 0.23.1-37-gaa34b87 (webtiles) character file.

Game seed: 1896325170447351431

97 night the Insei (level 4, -1/33 HPs)
             Began as a Demonspawn Gladiator on Mar 25, 2019.
             Slain by a scorpion (7 damage)
             ... on level 2 of the Dungeon.
             The game lasted 00:03:54 (1929 turns).

night the Insei (Demonspawn Gladiator)              Turns: 1929, Time: 00:03:55

Health: -1/33      AC:  4    Str: 14    XL:     4   Next: 42%
Magic:  4/4        EV: 13    Int: 11    God:
Gold:   90         SH:  0    Dex: 16    Spells: 3/3 levels left

rFire    . . .     SeeInvis .     - Unarmed
rCold    . . .     Gourm    .   (no shield)
rNeg     . . .     Faith    .   q - +0 leather armour (curse)
rPois    .         Spirit   .   (helmet restricted)
rElec    .         Reflect  .   (no cloak)
rCorr    .         Harm     .   (no gloves)
MR       .....                  o - +0 pair of boots
Stlth    ++........             (no amulet)
HPRegen  0.11/turn              (no ring)
MPRegen  0.09/turn              (no ring)

@: lethally poisoned (-1 -> -12)
A: horns 1, thin skeletal structure 1
a: no special abilities


You were on level 2 of the Dungeon.
You were not hungry.

You visited 1 branch of the dungeon, and saw 3 of its levels.

You collected 90 gold pieces.

Inventory:

Hand Weapons
 b - a +2 dagger of venom
 u - a +0 hunting sling of velocity
Missiles
 c - 3 throwing nets (quivered)
 j - 17 arrows
 l - 25 sling bullets
 m - 25 stones
Armour
 a - a +0 leather armour
 o - a +0 pair of boots (worn)
 q - a cursed +0 leather armour (worn)
Scrolls
 e - a scroll of teleportation {unknown}
 f - a scroll of blinking {unknown}
 g - 3 scrolls of identify {unknown}
 i - a scroll of random uselessness {unknown}
 n - 4 scrolls of remove curse {unknown}
 t - a scroll of fog {unknown}
Potions
 h - a potion of magic {unknown}
 k - 2 potions of brilliance {unknown}
 p - 2 potions of heal wounds {unknown}
 r - a potion of curing {unknown}
 s - a potion of haste {unknown}
Comestibles
 d - 6 rations
 v - 4 chunks of flesh


   Skills:
 - Level 2.0 Fighting
 - Level 1.7 Throwing
 - Level 2.6 Dodging
 + Level 4.8 Unarmed Combat


You had 3 spell levels left.
You didn't know any spells.
Your spell library was empty.

Dungeon Overview and Level Annotations

Branches:
Dungeon (3/15)

Altars:
Gozag


Innate Abilities, Weirdness & Mutations

You have a pair of small horns on your head.
You have a somewhat thin skeletal structure. (Dex +2, Stealth)


Message History

You hit the adder but do no damage.
The adder is almost dead.
The adder bites you.
You hit the adder.
You kill the adder!
Some of the chunks of flesh in your inventory have rotted away.
You hit the scorpion. Your headbutt misses the scorpion.
The scorpion is moderately wounded.
The scorpion stings you.
You hit the scorpion.
The scorpion is heavily wounded.
The scorpion stings you!
* * * LOW HITPOINT WARNING * * *
You are lethally poisoned!
The scorpion poisons you!
You hit the scorpion but do no damage. Your headbutt misses the scorpion.
The scorpion is heavily wounded.
* * * LOW HITPOINT WARNING * * *
You feel sick. The scorpion stings you!
You die...

#.....#####..#........
#.....# #...........
########.....#
#.##........
#####.<..........#
#.##.>......
......######.....#
##.##.......# #######
###..## #..##......##
##.....# #.###......#.
######..###.# #.#
########.
#......##..@####.# #.
#.#######.#s..##.# ##
##.# #........# #.
#####..#######...♣....#
#.
................♣.♣...#
#.
###.##########.♣._.♣.<#
## ##..# #..♣.♣...#
#..##
#...♣....###########
#.##
#...)............÷..


You could see a scorpion.

Vanquished Creatures
  A crimson imp (D:3)
  2 adders (D:2)
  An ooze (D:2)
  A dart slug (D:3)
  An orc (D:3)
  A ball python (D:3)
  4 bats
  2 giant cockroaches
  5 goblins
  6 hobgoblins
  5 kobolds (D:1)
  2 frilled lizards (D:2)
  7 rats
38 creatures vanquished.

Notes
Turn   | Place    | Note
-------+----------+-------------------------------------------
     0 | D:1      | night the Demonspawn Gladiator began the quest for the Orb.
     0 | D:1      | Reached XP level 1. HP: 16/16 MP: 1/1
    79 | D:1      | Reached skill level 3 in Unarmed Combat
   144 | D:1      | Gained mutation: You have a somewhat thin skeletal
                  | structure. (Dex +2, Stealth) [demonic ancestry]
   144 | D:1      | Reached XP level 2. HP: 19/22 MP: 2/2
  1300 | D:2      | Gained mutation: You have a pair of small horns on your
                  | head. [demonic ancestry]
  1300 | D:2      | Reached XP level 3. HP: 23/27 MP: 3/3
  1364 | D:2      | Reached skill level 4 in Unarmed Combat
  1500 | D:2      | Found a faded altar of an unknown god.
  1664 | D:2      | Found an opulent altar of Gozag.
  1747 | D:3      | Reached XP level 4. HP: 29/33 MP: 4/4
  1929 | D:2      | Slain by a scorpion

Skill      XL: |  1  2  3 |
---------------+----------+-----
Unarmed Combat | 3 4 |  4.8
Fighting       | |  2.0
Throwing       | |  1.7
Dodging        | |  2.6

Action                   |  1- 3 |  4- 6 || total
-------------------------+-------+-------++-------
Melee: Unarmed           |   101 |    27 ||   128
       Punch             |     3 |       ||     3
       Headbutt          |     4 |     4 ||     8
 Stab: Sleeping          |     3 |     1 ||     4
  Eat: Chunk             |     2 |     1 ||     3
Armor: Leather armour    |    23 |     2 ||    25
Dodge: Dodged            |    67 |    23 ||    90
